 Dungeon Crawl Stone Soup version 0.28-a0-677-g3278d6a771 (webtiles) character file.

Game seed: 5683947823049727727

364 MacCMillion the Chiller (level 6, -6/53 HPs)
             Began as a Troll Ice Elementalist on Oct 18, 2021.
             Mangled by Sigmund (11 damage)
             ... on level 4 of the Dungeon.
             The game lasted 00:05:33 (2724 turns).

MacCMillion the Chiller (Troll Ice Elementalist)    Turns: 2724, Time: 00:05:33

Health: -6/53      AC:  4    Str: 17    XL:     6   Next: 39%
Magic:  8/8        EV:  9    Int: 13    God:
Gold:   180        SH:  0    Dex: 10    Spells: 2/9 levels left

rFire   . . .      SeeInvis .     - Unarmed
rCold   . . .      Faith    .   (no shield)
rNeg    . . .      Spirit   .   a - +0 robe
rPois   .          Reflect  .   (helmet restricted)
rElec   .          Harm     .   (no cloak)
rCorr   .          Rampage  .   (gloves unavailable)
Will    .....                   (boots unavailable)
Stlth   +.........              (no amulet)
HPRegen 1.17/turn               (no ring)
MPRegen 0.11/turn               (no ring)

@: no status effects
A: large, unfitting armour, claws 3, regeneration 1, shaggy fur 1, tough skin 1
a: no special abilities


You were on level 4 of the Dungeon.
You visited 1 branch of the dungeon, and saw 4 of its levels.

You collected 180 gold pieces.

Inventory:

Missiles
 c - 6 boomerangs
 f - 2 curare-tipped darts
Armour
 a - a +0 robe (worn)
Scrolls
 d - a scroll of fog {unknown}
 e - a scroll of magic mapping {unknown}
 g - a scroll of amnesia {unknown}
 h - 3 scrolls of identify {unknown}
 j - a scroll of fear {unknown}
 k - a scroll of vulnerability {unknown}
 n - a scroll of blinking {unknown}
 o - a scroll of teleportation {unknown}
 p - a scroll of noise {unknown}
Potions
 b - a potion of degeneration {unknown}
 i - a potion of lignification {unknown}
 l - 2 potions of attraction {unknown}
 m - a potion of heal wounds {unknown}
 q - a potion of cancellation {unknown}
 r - a potion of magic {unknown}


   Skills:
 - Level 1.5 Dodging
 - Level 1.0 Stealth
 + Level 4.1 Unarmed Combat
 - Level 2.0 Spellcasting
 + Level 4.4 Ice Magic


You had 2 spell levels left.
You knew the following spells:

 Your Spells              Type           Power      Damage    Failure   Level
a - Freeze                Ice            48%        1d7       4%          1
b - Ozocubu's Armour      Ice            12%        N/A       13%         3
c - Frozen Ramparts       Ice            24%        1d4       13%         3

Your spell library contained the following spells:

 Spells                   Type           Power      Damage    Failure   Level
 Call Canine Familiar     Summ           1%         N/A       58%         3
 Portal Projectile        Hex/Tloc       2%         N/A       58%         3
 Hailstorm                Conj/Ice       7%         3d4       71%         4
 Leda's Liquefaction      Hex/Erth       0%         N/A       94%         4


Dungeon Overview and Level Annotations

Branches:
Dungeon (4/15)
 Temple: D:4-7

Altars:

Shops:
D:2 :

Annotations:
D:2 1 runed translucent door, Crazy Yiuf
D:4 Sigmund


Innate Abilities, Weirdness & Mutations

You are too large for most types of armour.
You have claws for hands.
Your natural rate of healing is unusually fast.
You are covered in fur. (AC +1)
You have tough skin. (AC +1)


Message History

Deactivating autopickup; reactivate with Ctrl-A.
You closely miss something. Something hits you!
You closely miss something. You miss something. Something hits you!
You miss something. You barely miss something.
You hear some strange, mumbled words.
Something tries to affect you, but you resist.
You closely miss something.
You hear some strange, mumbled words.
A magic dart appears from out of thin air!
The magic dart hits you.
You scratch something.
You hear some strange, mumbled words.
Something tries to affect you, but you resist.
You barely miss something.
You hear some strange, mumbled words.
You are confused.
You hear some strange, mumbled words.
You are more confused.
You see here a +2 rapier of speed.
You hear some strange, mumbled words.
Something tries to affect you, but you resist.
Something hits you!
* * * LOW HITPOINT WARNING * * *
You hear some strange, mumbled words.
A magic dart appears from out of thin air!
The magic dart hits you.
* * * LOW HITPOINT WARNING * * *
You're too confused to move!
Something hits you.
* * * LOW HITPOINT WARNING * * *
Something hits you!
* * * LOW HITPOINT WARNING * * *
You see here a +2 rapier of speed.
Something hits you but does no damage. Something hits you.
* * * LOW HITPOINT WARNING * * *
You feel less confused. Something hits you!
You die...

#...........#
#...........#
####........#
#####.####
#.# #(# #.#
###)## #$@).#
#....# #..{.#
#....# #..<.#
#....# #....#
#....# ######


There were no monsters in sight!

Vanquished Creatures
  Menkaure (D:4)
  A hound (D:4)
  A centaur skeleton (D:3)
  4 gnolls (D:4)
  4 adders
  An ufetubus (D:4)
  An adder skeleton (D:4)
  3 worms
  2 dart slugs (D:1)
  2 orcs (D:4)
  6 ball pythons
  8 bats
  11 endoplasms
  3 giant cockroaches
  12 goblins
  7 hobgoblins
  2 jackals (D:1)
  7 kobolds
  3 quokkas
  A frilled lizard (D:2)
  7 rats
87 creatures vanquished.

Notes
Turn   | Place    | Note
-------+----------+-------------------------------------------
     0 | D:1      | MacCMillion the Troll Ice Elementalist began the quest for
                  | the Orb.
     0 | D:1      | Reached XP level 1. HP: 16/16 MP: 1/1
    77 | D:1      | Reached skill level 1 in Unarmed Combat
   106 | D:1      | Reached XP level 2. HP: 22/24 MP: 2/2
   460 | D:1      | Reached XP level 3. HP: 31/31 MP: 3/3
   464 | D:1      | Learned a level 3 spell: Ozocubu's Armour
   809 | D:2      | Found a faded altar of an unknown god.
   935 | D:2      | Found Wioxoizo's Book Shop.
  1288 | D:2      | Reached XP level 4. HP: 39/39 MP: 4/4
  1320 | D:2      | Found a runed translucent door.
  1321 | D:2      | Noticed Crazy Yiuf
  2152 | D:4      | Reached XP level 5. HP: 45/45 MP: 5/5
  2225 | D:4      | Noticed Menkaure
  2238 | D:4      | Killed Menkaure
  2239 | D:4      | Reached XP level 6. HP: 53/53 MP: 5/7
  2243 | D:4      | Learned a level 3 spell: Frozen Ramparts
  2691 | D:4      | Noticed Sigmund
  2719 | D:4      | HP: 2/53 [something (12)]
  2724 | D:4      | Mangled by Sigmund

Illustrated notes

Levels and vault maps discovered:
D:1:      lightli_arrival_statue_moat, layout_loops_ring
D:2:      layout_loops_ring, serial_shops, nicolae_shop_statue_plus,
          ebering_ecumenical_altar_rust, minmay_misc_feat_columns,
          minmay_between, uniq_crazy_yiuf_cottage
D:3:      layout_basic
D:4:      minmay_diamond_boxcup, layout_basic, uniq_menkaure, uniq_sigmund

Skill      XL: |  1  2  3  4  5  6 |
---------------+-------------------+-----
Ice Magic      | 3 4 |  4.4
Unarmed Combat | 1 2 3 4 |  4.1
Spellcasting   | 2 |  2.0
Dodging        | |  1.5
Stealth        | |  1.0

Action                   |  1- 3 |  4- 6 || total
-------------------------+-------+-------++-------
Melee: Unarmed           |   121 |   150 ||   271
       Punch             |       |     2 ||     2
 Stab: Sleeping          |     8 |     5 ||    13
Armor: Robe              |    36 |    45 ||    81
Dodge: Dodged            |    56 |    62 ||   118

Table legend: (Time is in decaauts)
 A = Elapsed time spent in this place.
 B = Non-inter-level travel time spent in this place.
 C = Inter-level travel time spent in this place.
 D = Time resting spent in this place.
 E = Time spent auto-exploring this place.
 F = Levels seen in this place.
 G = Mean time per level.
                   A        B        C        D        E       F      G
               +--------+--------+--------+--------+--------+-----+--------+
         Total |   2708 |   2643 |     65 |      0 |   2048 |   4 |  677.0 |
       Dungeon |   2708 |   2643 |     65 |      0 |   2048 |   4 |  677.0 |
               +--------+--------+--------+--------+--------+-----+--------+

Top non-repeatable levels by time:
     D:2: 823 daAuts
     D:1: 718 daAuts
     D:4: 623 daAuts
     D:3: 543 daAuts
